Map: Catalyst LE

Players

Maru - Winner!

  • Race: Terran Terran
  • Spawn Location: 5:00

ShoWTimE

  • Race: Protoss Protoss
  • Spawn Location: 11:00

Event: IEM Season 12 - Katowice

VOD

https://www.twitch.tv/videos/233992877?t=01h25m33s

Description

Time

  • Played on: March 1, 2018, 6:19 a.m.
  • Length: 18:51

All games in this series

Show
View Real Time Build Order
Export as new Build Order

Maru Terran - Winner!

Build Orders: Cyclone Opening, MMM Bio 

Get SALT Encoding   

  12  0:00  SCV  
  13  0:12  SCV  
  14  0:17  Supply Depot  
  14  0:24  SCV  
  15  0:29  Refinery  
  15  0:38  SCV  
  16  0:44  Barracks  
  16  0:50  SCV  
  17  1:03  SCV  
  18  1:16  SCV  
  19  1:30  Orbital Command  
  19  1:31  Marine  
  20  1:44  Command Center  
  20  1:56  Factory  
  20  1:59  SCV  
  21  2:03  Barracks Reactor  
  21  2:07  Refinery  
  21  2:11  SCV  
  22  2:18  Supply Depot  
  22  2:23  SCV  
  23  2:39  SCV  
  24  2:45  Cyclone  
  24  2:50  Cyclone  
  24  2:51  Marine  
  30  2:56  SCV, Orbital Command  
  32  3:08  SCV  
  32  3:09  Barracks Tech Lab  
  33  3:18  Hellion  
  35  3:20  SCV  
  35  3:22  Hellion, SCV  
  35  3:25  Supply Depot  
  39  3:27  Marine  
  39  3:31  Stimpack  
  39  3:32  SCV  
  41  3:34  SCV  
  42  3:44  SCV  
  42  3:47  SCV  
  42  3:48  Barracks  
  41  3:56  SCV  
  41  3:59  SCV  
  42  4:04  Marine  
  42  4:06  Factory Tech Lab  
  42  4:07  Barracks  
  42  4:08  SCV  
  39  4:11  SCV  
  40  4:19  Bunker  
  40  4:21  SCV  
  40  4:22  Marine  
  40  4:23  SCV  
  43  4:27  Siege Tank  
  43  4:31  Engineering Bay  
  42  4:33  SCV  
  42  4:35  SCV  
  42  4:37  Supply Depot, Marine x2  
  46  4:41  Marauder  
  46  4:45  SCV  
  49  4:47  SCV  
  50  4:56  Terran Infantry Weapons Level 1  
  50  4:57  SCV, Starport  
  50  4:59  SCV  
  52  5:03  Marine, Marauder x2  
  52  5:05  Factory Reactor  
  57  5:10  SCV  
  57  5:11  SCV  
  57  5:12  Supply Depot  
  57  5:13  Missile Turret  
  59  5:14  Concussive Shells  
  59  5:17  Marine  
  60  5:23  Supply Depot  
  60  5:24  Refinery  
  60  5:28  Marauder  
  62  5:31  Combat Shields  
  62  5:34  SCV x2, Marauder  
  66  5:36  Supply Depot  
  66  5:47  Factory Reactor  
  66  5:48  Supply Depot  
  66  5:49  Supply Depot, Marine x3, Medivac  
  70  5:55  Marine  
  72  5:59  Medivac  
  72  6:02  Refinery  
  74  6:06  Supply Depot  
  74  6:07  Marine x2  
  74  6:08  Marauder  
  78  6:13  Marauder  
  78  6:16  Supply Depot  
  78  6:17  SCV x2  
  82  6:23  Command Center  
  82  6:27  Widow Mine x2  
  82  6:28  Medivac  
  90  6:33  Marauder  
  90  6:34  Marauder  
  92  6:42  Supply Depot  
  92  6:49  Widow Mine  
  92  6:50  Widow Mine  
  92  6:52  Barracks x2  
  92  6:53  Terran Infantry Armor Level 1  
  96  6:58  Marauder  
  96  6:59  Marauder  
  100  7:02  SCV x2  
  100  7:06  Medivac x2  
  106  7:11  Marine x2  
  107  7:17  Widow Mine x2  
  107  7:20  SCV, Marauder  
  107  7:21  SCV  
  115  7:27  Armory  
  115  7:28  Engineering Bay  
  115  7:29  Marine  
  115  7:30  Marauder  
  115  7:33  SCV  
  110  7:37  Marine  
  110  7:41  Widow Mine, Marauder  
  110  7:44  SCV  
  111  7:47  Marine  
  105  7:51  Barracks Reactor, Barracks Tech Lab, Marauder  
  105  7:56  Medivac  
  102  7:58  Orbital Command  
  102  8:01  Marine  
  102  8:02  Marauder  
  102  8:04  Widow Mine x2  
  102  8:05  Marine  
  110  8:06  Medivac  
  116  8:13  Marauder x2  
  116  8:19  Marine  
  116  8:26  Widow Mine x2  
  114  8:29  Orbital Command, Marine, Marauder  
  114  8:32  SCV x2  
  119  8:34  Marauder  
  119  8:35  Terran Infantry Weapons Level 2  
  119  8:44  SCV x2, Marine x2, Refinery  
  119  8:45  Refinery, Marine, Marauder  
  126  8:55  Supply Depot, SCV  
  127  8:56  SCV x2  
  127  8:59  Marine, Marauder x2  
  134  9:06  Ghost Academy  
  134  9:08  Liberator  
  134  9:09  Liberator  
  134  9:10  Marine  
  134  9:11  Marauder  
  137  9:22  Marine x2, Marauder x2  
  143  9:25  Widow Mine x2  
  146  9:36  Marine x2, Marauder  
  138  9:44  Marine, Marauder x2  
  123  9:51  Widow Mine x2, Liberator x2  
  125  9:56  Terran Infantry Armor Level 2  
  125  9:58  Marauder  
  127  10:05  Marauder  
  127  10:06  Marauder  
  131  10:08  Supply Depot  
  131  10:13  Widow Mine x2  
  141  10:17  Marine x2  
  141  10:18  Ghost, Marine x2  
  147  10:22  SCV x3  
  147  10:26  Ghost  
  147  10:27  Ghost  
  156  10:35  Widow Mine  
  156  10:37  Widow Mine  
  158  10:47  Ghost  
  160  10:54  Ghost  
  160  10:55  Marine x3  
  165  11:00  Supply Depot x2  
  165  11:01  Ghost, Command Center  
  163  11:05  Supply Depot  
  163  11:07  Marine  
  140  11:13  Marine  
  140  11:16  Marine x2, Marauder  
  140  11:18  Terran Infantry Weapons Level 3  
  132  11:23  Medivac  
  132  11:24  Marauder  
  135  11:31  Marauder  
  135  11:32  Marine x2  
  138  11:38  Marauder  
  141  11:44  Medivac  
  141  11:45  Marauder  
  141  11:46  Widow Mine x2  
  149  11:50  Missile Turret, Marine  
  149  11:51  Missile Turret, Marine  
  149  11:52  Marauder  
  149  11:53  Medivac  
  155  12:00  Marine  
  158  12:07  Ghost, Widow Mine x2  
  162  12:09  Marauder  
  162  12:10  Marine x3  
  162  12:14  Medivac  
  169  12:23  Medivac  
  169  12:26  Marine, Liberator  
  169  12:27  Marauder  
  169  12:28  Marine x2  
  176  12:30  Marauder  
  176  12:36  Marauder  
  180  12:42  Planetary Fortress  
  183  12:48  Liberator  
  183  12:50  Terran Infantry Armor Level 3  
  183  12:51  Marine x2, Marauder x2  
  186  12:54  Marine x2  
  188  13:15  Marine x2, Marauder  
  188  13:16  Marauder  
  188  13:17  Supply Depot  
  194  13:33  Marine  
  195  13:39  Marauder  
  197  13:44  Marine  
  197  13:45  Marauder  
  200  13:49  Barracks x2  
  200  13:50  Command Center  
  200  13:51  Barracks  
  200  14:00  Marine, Marauder  
  199  14:06  Marine  
  199  14:11  Widow Mine  
  199  14:15  Liberator x2  
  159  14:25  Marine  
  159  14:26  Marine, Marauder x2  
  158  14:33  Widow Mine x2  
  158  14:34  Marine x2  
  158  14:35  Marauder  
  146  14:43  Marine x2  
  112  14:47  Marauder x2  
  112  14:52  Marine x2, Barracks Tech Lab x3  
  108  14:55  SCV  
  108  14:56  SCV x2, Marauder  
  113  15:02  Marine x2  
  113  15:03  Liberator  
  113  15:05  Liberator  
  115  15:08  SCV x4  
  115  15:09  Marauder x2  
  115  15:10  Marine  
  124  15:16  Marauder x3  
  124  15:17  Marauder  
  124  15:20  SCV x2  
  137  15:26  Marine x3  
  143  15:30  SCV x2, Marauder x2  
  149  15:36  Marine  
  149  15:37  Ghost x2  
  149  15:38  Marine, Marauder  
  156  15:44  Marine  
  156  15:45  SCV  
  156  15:47  Marine  
  156  15:48  Marine  
  160  15:51  Marauder  
  160  15:52  Marauder  
  160  15:54  Marine  
  160  15:56  Marine  
  166  15:57  SCV  
  166  15:59  Marauder  
  166  16:00  Widow Mine x2  
  166  16:02  Marine  
  174  16:05  Marine  
  174  16:06  Marine, Marauder x2  
  180  16:12  Marine  
  180  16:17  Marine, Marauder  
  180  16:18  Marauder  
  182  16:19  Marine  
  182  16:20  Marine  
  182  16:23  Marine  
  179  16:28  Marauder  
  179  16:30  Marine  
  179  16:31  Marine, Marauder  
  170  16:35  Marauder  
  170  16:37  Marine  
  170  16:38  Marine, Marauder  
  170  16:39  Marauder  
  172  16:41  Marine  
  170  16:48  Marine x2  
  170  16:49  Marauder  
  170  16:52  Marauder  
  174  16:55  Marine  
  174  16:57  Marauder x2  
  174  16:59  Marine  
  174  17:00  Marine, Marauder  
  183  17:06  Marine  
  180  17:10  Marauder  
  174  17:16  Marine  
  174  17:17  Marine x2, Marauder  
  174  17:18  Marine, Marauder x2  
  174  17:22  Marauder  
  178  17:24  Marine  
  177  17:32  Marauder  
  177  17:34  Marine x2  
  177  17:35  Marine  
  177  17:36  Marauder  
  181  17:38  Marauder  
  181  17:39  Marine, Marauder  
  181  17:42  Marine  
  181  17:43  Marauder  
  174  17:52  Marine x3  
  174  17:53  Marauder  
  174  17:57  Marine, Marauder  
  167  17:59  Marine x2  
  167  18:01  Marauder  
  167  18:05  Marauder  
  168  18:10  Marine x3  
  168  18:14  Marine, Marauder  
  168  18:17  Marine x2  
  168  18:19  Marauder  
  161  18:22  Marauder  
  161  18:25  Marine  
  153  18:28  Marine  
Show
View Real Time Build Order
Export as new Build Order

ShoWTimE Protoss 

Build Orders: 1 Gate Expand, Double Forge, Blink Stalkers 

Get SALT Encoding   

  12  0:00  Probe  
  13  0:12  Probe  
  14  0:20  Pylon  
  14  0:24  Probe  
  15  0:38  Probe (Chrono Boost)  
  15  0:39  Gateway  
  16  0:47  Probe (Chrono Boost)  
  16  0:48  Assimilator  
  17  0:52  Probe (Chrono Boost)  
  18  1:04  Probe  
  19  1:16  Probe  
  20  1:25  Nexus  
  20  1:35  Cybernetics Core  
  20  1:37  Probe  
  21  1:43  Assimilator  
  21  1:49  Probe  
  21  1:52  Pylon  
  22  2:02  Probe  
  23  2:08  Stalker (Chrono Boost)  
  23  2:11  Warp Gate  
  23  2:14  Probe  
  26  2:26  Probe  
  27  2:31  Stalker  
  27  2:35  Twilight Council  
  29  2:38  Probe x2 (Chrono Boost)  
  31  2:48  Probe x2 (Chrono Boost)  
  33  2:53  Probe x2 (Chrono Boost)  
  35  3:01  Stalker  
  35  3:04  Probe x2  
  39  3:06  Blink (Chrono Boost)  
  39  3:19  Gateway  
  39  3:22  Gateway  
  39  3:24  Probe  
  39  3:26  Probe  
  41  3:33  Pylon  
  41  3:35  Stalker (Chrono Boost)  
  41  3:41  Shield Battery  
  43  3:42  Probe  
  43  3:43  Probe  
  43  3:55  Probe  
  43  3:56  Pylon  
  43  3:59  Pylon  
  43  4:02  Probe  
  45  4:08  Probe  
  39  4:14  Probe  
  39  4:16  Stalker x2  
  44  4:22  Probe  
  41  4:26  Probe  
  41  4:30  Stalker  
  42  4:34  Probe  
  43  4:39  Probe  
  43  4:44  Nexus  
  44  4:47  Probe  
  44  4:51  Probe  
  46  4:56  Forge  
  46  4:58  Forge  
  46  4:59  Probe  
  47  5:03  Probe  
  48  5:07  Assimilator  
  48  5:10  Sentry x2  
  48  5:11  Probe  
  53  5:15  Probe  
  53  5:17  Charge (Chrono Boost)  
  54  5:23  Probe  
  54  5:26  Pylon  
  54  5:27  Probe  
  54  5:28  Protoss Ground Weapons Level 1 (Chrono Boost)  
  56  5:29  Gateway  
  56  5:35  Probe  
  57  5:36  Gateway  
  57  5:39  Probe  
  57  5:42  Protoss Ground Armor Level 1 (Chrono Boost)  
  58  5:45  Gateway  
  58  5:47  Probe  
  58  5:49  Gateway  
  59  5:52  Probe  
  59  5:54  Phoenix  
  60  5:57  Probe  
  60  5:58  Gateway  
  60  6:00  Probe  
  62  6:04  Probe  
  62  6:09  Probe  
  64  6:11  Zealot x2  
  64  6:12  Probe, Zealot  
  64  6:17  Probe  
  72  6:21  Probe  
  72  6:24  Probe, Pylon  
  74  6:29  Probe  
  75  6:39  Zealot x6  
  87  6:45  Pylon  
  87  6:50  Zealot  
  89  6:54  Zealot  
  89  6:57  Pylon  
  91  7:04  Zealot x6  
  91  7:06  Pylon  
  103  7:10  Zealot  
  105  7:18  Zealot  
  105  7:21  Pylon  
  107  7:24  Probe  
  107  7:25  Zealot x2  
  107  7:26  Pylon, Zealot x4  
  114  7:37  Protoss Ground Armor Level 2 (Chrono Boost)  
  114  7:38  Stalker x2  
  114  7:41  Probe x2  
  110  7:48  Stalker x3  
  110  7:49  Protoss Ground Weapons Level 2 (Chrono Boost)  
  106  7:55  Stalker x2  
  110  8:02  Probe x3  
  110  8:03  Pylon  
  113  8:07  Pylon  
  113  8:10  Robotics Facility  
  113  8:11  Templar Archives  
  113  8:18  Stalker x3  
  111  8:29  Zealot x4  
  113  8:37  Zealot  
  113  8:38  Shield Battery  
  115  8:41  Pylon  
  115  8:42  Zealot x3  
  119  8:55  High Templar  
  119  8:56  High Templar  
  119  8:57  Zealot x2, Assimilator  
  119  8:59  Observer (Chrono Boost)  
  119  9:00  Archon  
  119  9:02  Assimilator  
  128  9:06  Zealot x4  
  136  9:11  Immortal (Chrono Boost)  
  136  9:15  Pylon  
  136  9:16  Pylon  
  140  9:30  Pylon, Zealot x5  
  140  9:38  Zealot x2  
  138  9:51  Pylon  
  142  9:53  Twilight Council  
  142  9:55  Warp Prism (Chrono Boost)  
  142  9:58  Sentry  
  142  9:59  Sentry  
  142  10:00  High Templar x2  
  142  10:01  Zealot x4  
  142  10:05  Archon  
  152  10:14  Pylon  
  152  10:22  Pylon  
  152  10:23  High Templar x2  
  152  10:24  Zealot x4  
  152  10:27  Observer (Chrono Boost)  
  165  10:29  Archon, Protoss Ground Armor Level 3 (Chrono Boost)  
  165  10:32  Nexus  
  165  10:35  Pylon  
  165  10:38  Pylon  
  165  10:46  Stalker x3  
  171  10:50  Zealot x3  
  175  11:08  Observer  
  175  11:10  Zealot x2  
  175  11:11  Zealot x6  
  113  11:24  Immortal (Chrono Boost)  
  111  11:34  High Templar  
  111  11:35  Stalker x2, High Templar  
  111  11:36  Stalker x3  
  125  11:41  Archon  
  125  11:45  Observer  
  125  11:50  Stalker  
  127  11:55  Immortal (Chrono Boost)  
  127  11:59  Probe x4  
  135  12:10  Zealot x4  
  135  12:11  Zealot x3  
  135  12:14  Observer  
  149  12:22  Immortal (Chrono Boost)  
  153  12:28  Robotics Bay  
  153  12:31  Robotics Facility  
  151  12:41  Assimilator  
  151  12:44  Zealot x3  
  151  12:45  Zealot x3  
  151  12:46  Assimilator  
  151  12:47  Zealot  
  151  12:50  Pylon, Zealot  
  167  12:57  Probe x3  
  158  13:08  Zealot x4, Protoss Ground Weapons Level 3 (Chrono Boost)  
  158  13:12  Zealot x4  
  170  13:23  Disruptor x2 (Chrono Boost)  
  172  13:41  Stalker  
  172  13:42  Stalker x3  
  176  13:49  Disruptor (Chrono Boost)  
  176  13:51  Pylon  
  176  13:54  Disruptor (Chrono Boost)  
  175  14:00  Stalker x3  
  175  14:01  Stalker  
  182  14:09  Stalker x3  
  188  14:15  Stalker  
  188  14:16  Disruptor (Chrono Boost)  
  189  14:22  Disruptor (Chrono Boost)  
  158  14:27  Zealot x3  
  154  14:37  Zealot x4  
  130  14:43  Zealot, Disruptor (Chrono Boost)  
  107  14:48  Probe x2 (Chrono Boost)  
  110  14:54  Probe (Chrono Boost)  
  110  14:55  Probe (Chrono Boost)  
  110  14:58  Probe x2 (Chrono Boost)  
  112  15:03  Probe x3 (Chrono Boost)  
  113  15:09  Sentry x2, Observer  
  113  15:10  Sentry x2  
  117  15:19  Disruptor (Chrono Boost)  
  120  15:30  Pylon  
  120  15:34  Disruptor (Chrono Boost)  
  123  15:53  Stalker x6  
  133  16:08  Disruptor  
  136  16:19  Stalker x2  
  136  16:20  Zealot  
  136  16:25  Nexus  
  142  16:29  Zealot x2  
  142  16:30  Zealot  
  133  16:36  Zealot x2  
  117  16:51  Stalker x4  
  124  17:00  Stalker x2  
  128  17:11  Disruptor (Chrono Boost)  
  128  17:14  Disruptor (Chrono Boost)  
  132  17:26  Stalker x4  

Tags
 
Add a new tag
Caveats
  • Supply blocks, unpowered buildings, or Contaminate may cause inaccurate times.
  • Supply counts are checked every 10 seconds.